 Dungeon Crawl Stone Soup version 0.21-a0-185-g3a6ed1e (webtiles) character file.

158 namelastname112 the Skirmisher (level 5, -2/47 HPs)
             Began as a Draconian Wanderer on Aug 12, 2017.
             Slain by an orc
             ... wielding a +2 falchion of holy wrath
              (5 damage)
             ... on level 3 of the Dungeon.
             The game lasted 00:04:07 (3115 turns).

namelastname112 the Skirmisher (Draconian Wanderer) Turns: 3115, Time: 00:04:09

Health: -2/47      AC:  6    Str: 18    XL:     5   Next: 16%
Magic:  9/9        EV: 13    Int: 11    God:
Gold:   87         SH:  0    Dex:  9    Spells: 10/10 levels left

rFire    . . .     SeeInvis .   j - +0 spear
rCold    . . .     Gourm    .   (no shield)
rNeg     . . .     Faith    .   (armour unavailable)
rPois    .         Spirit   .   (helmet restricted)
rElec    .         Reflect  .   s - +0 cloak
rCorr    .         Harm     .   (no gloves)
MR       +....                  (no boots)
Stlth    ++........             (no amulet)
HPRegen  0.15/turn              h - ring of protection from magic
MPRegen  0.11/turn              q - ring of stealth

@: berserk cooldown, slowed, very slow
A: unfitting armour, cold-blooded, AC +5
a: no special abilities


You were on level 3 of the Dungeon.
You were hungry.

You visited 1 branch of the dungeon, and saw 3 of its levels.

You collected 87 gold pieces.

Inventory:

Hand Weapons
 j - a +0 spear (weapon)
Armour
 s - a +0 cloak (worn)
Jewellery
 h - a ring of protection from magic (left hand)
 q - a ring of stealth (right hand)
 r - an uncursed ring of stealth
Scrolls
 c - 2 scrolls of teleportation
 g - 3 scrolls of remove curse
 i - 2 scrolls of identify
 k - a scroll of random uselessness {unknown}
 l - 2 scrolls of recharging {unknown}
 n - 2 scrolls of fog {unknown}
 o - a scroll of blinking {unknown}
 u - 2 scrolls of amnesia {unknown}
Potions
 a - a potion of resistance
 e - 2 potions of agility {unknown}
 m - 3 potions of ambrosia {unknown}
 p - 2 potions of curing {unknown}
 t - a potion of haste {unknown}
 v - a potion of degeneration {unknown}
 x - a potion of lignification {unknown}
Books
 b - the Almanac of Companions

   Spells                             Type                      Level
   a - Summon Small Mammal            Summoning                    1
   b - Call Canine Familiar           Summoning                    3
Comestibles
 f - 2 bread rations
 w - a royal jelly


   Skills:
 + Level 4.4 Fighting
   Level 1.0 Long Blades
 + Level 3.2 Dodging
 - Level 1.0 Stealth
   Level 2.0 Shields
 - Level 3.0 Spellcasting


You had 10 spell levels left.
You didn't know any spells.

Dungeon Overview and Level Annotations

Branches:
Dungeon (3/15)

Altars:
Trog

Annotations:
D:3 Robin


Innate Abilities, Weirdness & Mutations

Your plain brown scales are hard. (AC +5)
You cannot fit into any form of body armour.
You are cold-blooded and may be slowed by cold attacks.


Message History

MP restored: 9 You hit the orc.
The orc is lightly wounded.
The orc closely misses you.
The orc hits you with a falchion of holy wrath.
* * * LOW HITPOINT WARNING * * *
You take 3 damage, and have 5/47 hp.
You hit the orc.
The orc is moderately wounded.
The orc closely misses you. x2
You closely miss the orc. You tail-slap the orc.
The orc is severely wounded.
The orc hits you with a falchion of holy wrath.
* * * LOW HITPOINT WARNING * * *
You take 3 damage, and have 3/47 hp.
You hit the orc but do no damage.
Your tail-slap misses the orc.
The orc is severely wounded.
You are feeling hungry.
The orc hits you with a falchion of holy wrath.
You die...

### #.. ...#
#.# #K... #.#
#####.... #@#
#......# # #o#
##......#.. #.#
#..........
#.###.......###
#...o..........
#####.####.....
#.......###
#########


You could see an orc.

Vanquished Creatures
  A bullfrog zombie (D:3)
  Ijyb (D:3)
  3 adders (D:3)
  An ooze (D:3)
  A worm (D:3)
  2 leopard geckos
  An orc (D:3)
  2 ball pythons
  7 bats
  2 giant cockroaches (D:3)
  9 hobgoblins
  3 quokkas
  4 frilled lizards
  12 goblins
  5 kobolds
  8 rats
62 creatures vanquished.

Notes
Turn   | Place    | Note
-------+----------+-------------------------------------------
     0 | D:1      | namelastname112 the Draconian Wanderer began the quest for the Orb.
     0 | D:1      | namelastname112 set off with: a +0 shield, the Almanac of Companions, a scroll of teleportation, a +0 club, a bread ration
     0 | D:1      | Reached XP level 1. HP: 17/17 MP: 4/4
     6 | D:1      | Identified the Almanac of Companions
   342 | D:1      | Reached XP level 2. HP: 24/25 MP: 6/6
  1073 | D:2      | Reached skill level 3 in Fighting
  1073 | D:2      | Reached XP level 3. HP: 24/31 MP: 7/7
  1593 | D:2      | Found a bloodstained altar of Trog.
  1681 | D:2      | p0werm0de: man the grey draconian was ripped apart in zot5
  1754 | D:2      | p0werm0de: ;&
  1754 | D:2      | namelastname112: by what
  1760 | D:2      | p0werm0de: specs said worst z5 ever
  1926 | D:2      | p0werm0de: by not getting to stairs through 6 panlords
  1964 | D:3      | p0werm0de: with all kind of bs
  2108 | D:3      | namelastname112: damn
  2108 | D:3      | p0werm0de: y
  2108 | D:3      | p0werm0de: :(
  2108 | D:3      | namelastname112: getting killed after orb sucks the most
  2111 | D:3      | p0werm0de: ;P
  2111 | D:3      | namelastname112: 15 or 3&
  2111 | D:3      | namelastname112: ?
  2113 | D:3      | p0werm0de: 5 runes
  2140 | D:2      | p0werm0de: was ok the char!!
  2376 | D:2      | p0werm0de: ;D
  2501 | D:3      | Reached XP level 4. HP: 26/40 MP: 8/8
  2502 | D:3      | Noticed Robin
  2503 | D:3      | p0werm0de: with statue+dragonf orm
  2506 | D:3      | p0werm0de: still owned
  2965 | D:3      | Reached skill level 4 in Fighting
  3067 | D:3      | Noticed Ijyb
  3111 | D:3      | Killed Ijyb
  3111 | D:3      | Reached XP level 5. HP: 8/47 MP: 9/9
  3115 | D:3      | Slain by an orc

Vault maps used:
D:1:      lightli_arrival_statue_moat, due_unseen_surprise
D:2:      kennysheep_the_goblin_king, lemuel_round_altar
D:3:      lexackson_kobold_supper, uniq_robin, uniq_ijyb

Skill      XL: |  1  2  3  4 |
---------------+-------------+-----
Dodging        | 2 3 |  3.2
Fighting       | 3 4 |  4.4
Long Blades    | |  1.0
Stealth        | |  1.0
Shields        | |  2.0
Spellcasting   | |  3.0

Action                   |  1- 3 |  4- 6 || total
-------------------------+-------+-------++-------
Melee: Club              |    26 |       ||    26
       Spear             |   199 |    86 ||   285
       Tailslap          |    17 |     6 ||    23
  Use: Scroll            |     3 |       ||     3
       Potion            |       |     1 ||     1
 Stab: Sleeping          |     7 |     1 ||     8
  Eat: Chunk             |     5 |     2 ||     7
Armor: Skin              |    62 |    28 ||    90
Dodge: Dodged            |   135 |    70 ||   205
